General information
			
			
        
        - name: BNet
 
        - type: Ladder 1vs1/FFA
 
        - host: Battle.net
 
        - saver: kunt.roII
 
        
map: LostTemple 
        - players: 2
 
        - length: 12:40
 
        - speed: Fast
 - version: 1.22 W3XP
 - replay type:  Public
 
» download(45 KB)
Players
        team 1 (winner) 
              
              
kunt.roII (
blue | 144 APM | 1827 actions | 12:40)
              
 3 Death Knight 
 2 Death Coil
 1 Unholy Aura
 2 Lich 
 1 Frost Nova
 1 Frost Armor
 
                » actions 
                
                | Assign group hotkey | 83 |  | 
| Basic commands | 11 |  | 
| Build / train | 46 |  | 
| ESC pressed | 7 |  | 
| Enter build submenu | 13 |  | 
| Enter hero's abilities submenu | 5 |  | 
| Right click | 800 |  | 
| Select / deselect | 194 |  | 
| Select group hotkey | 610 |  | 
| Use ability | 58 |  | 
                1827 total
 » units 
                
                | Acolyte | 6 |  | 
| Ghoul | 8 |  | 
| Crypt Fiend | 12 |  | 
| Frost Wyrm | 1 |  | 
                27 total
 » upgrades
                » buildings
                
                | Altar of Darkness | 1 |  | 
| Crypt | 1 |  | 
| Ziggurat | 4 |  | 
| Tomb of Relics | 2 |  | 
| Halls of the Dead | 1 |  | 
| Nerubian Tower | 1 |  | 
| Graveyard | 2 |  | 
| Black Citadel | 1 |  | 
| Sacrificial Pit | 1 |  | 
| Boneyard | 1 |  | 
                15 total
 » build order
                00:10 Altar of Darkness
00:13 Crypt
00:27 Ziggurat
00:57 Tomb of Relics
01:39 Ziggurat
02:46 Halls of the Dead
03:10 Nerubian Tower
03:33 Graveyard
03:35 Graveyard
04:01 Ziggurat
06:05 Tomb of Relics
06:40 Black Citadel
08:38 Sacrificial Pit
09:30 Boneyard
09:46 Ziggurat
» items
                
                | Rod of Necromancy | 5 |  | 
| Potion of Healing | 1 |  | 
| Orb of Corruption | 1 |  | 
| Scroll of Healing | 1 |  | 
                8 total
  
               team 2 (loser) 
              
              
earthking1 (
pink | 70 APM | 887 actions | 12:39)
              
 2 Death Knight 
 1 Death Coil
 1 Unholy Aura
 1 Lich 
 1 Frost Nova
 
                » actions 
                
                | Assign group hotkey | 35 |  | 
| Basic commands | 11 |  | 
| Build / train | 36 |  | 
| Enter build submenu | 19 |  | 
| Enter hero's abilities submenu | 4 |  | 
| Give item / drop item | 1 |  | 
| Remove unit from queue | 1 |  | 
| Right click | 351 |  | 
| Select / deselect | 156 |  | 
| Select group hotkey | 237 |  | 
| Use ability | 36 |  | 
                887 total
 » units 
                
                | Acolyte | 8 |  | 
| Ghoul | 3 |  | 
| Crypt Fiend | 8 |  | 
| Obsidian Statue | 2 |  | 
| Gargoyle | 1 |  | 
                22 total
 » upgrades
                » buildings
                
                | Crypt | 3 |  | 
| Graveyard | 1 |  | 
| Altar of Darkness | 1 |  | 
| Ziggurat | 7 |  | 
| Tomb of Relics | 1 |  | 
| Nerubian Tower | 1 |  | 
| Halls of the Dead | 1 |  | 
| Slaughterhouse | 2 |  | 
| Black Citadel | 1 |  | 
| Necropolis | 1 |  | 
| Sacrificial Pit | 1 |  | 
| Spirit Tower | 2 |  | 
                22 total
 » build order
                00:09 Crypt
00:15 Graveyard
00:49 Altar of Darkness
01:01 Ziggurat
01:28 Tomb of Relics
02:07 Ziggurat
02:36 Nerubian Tower
03:55 Ziggurat
04:55 Halls of the Dead
07:54 Slaughterhouse
08:00 Ziggurat
09:30 Black Citadel
10:05 Ziggurat
10:08 Ziggurat
10:09 Necropolis
10:24 Ziggurat
11:08 Sacrificial Pit
11:10 Spirit Tower
11:11 Spirit Tower
11:22 Crypt
11:24 Slaughterhouse
12:32 Crypt
» items
                 
                Chat log
          (00:15 / All) kunt.roII: plz kill me now
(00:30 / All) earthking1: u can quit
(00:36 / All) kunt.roII: no
(00:38 / All) kunt.roII: i just lost
(00:42 / All) kunt.roII: to the worst orc ever
(00:44 / All) kunt.roII: you will probobly win too
(00:53 / All) kunt.roII: ive played 5 games now this season..and it shows ; /
(01:10 / All) earthking1: what's ur race?
(01:14 / All) kunt.roII: xD
(01:25 / All) earthking1: elf?
(01:27 / All) kunt.roII: ...
(01:31 / All) kunt.roII: haha/
(01:32 / All) kunt.roII: ?
(02:02 / All) earthking1: i just didn't notice that
(03:05 / All) earthking1: u fast
(03:10 / All) kunt.roII:  ?
(08:51 / All) kunt.roII: GO AWAY
(09:00 / All) kunt.roII: SERUIOSLY
(12:36 / All) earthking1: gg
(12:37 / All) kunt.roII: gg